 Dungeon Sprint DCSS version 0.27.1-35-g4d5d836560 (webtiles) character file.

Game seed: 6077213954904678090

185 klau3 the Fighter (level 5, -2/66 HPs)
             Began as an Ogre Berserker on Apr 26, 2022.
             Was a Believer of Trog.
             Succumbed to a scorpion's poison
             ... in the Dungeon (Sprint V: "Ziggurat Sprint") on May 5, 2022.
             The game lasted 00:08:48 (446 turns).

klau3 the Fighter (Ogre Berserker)                   Turns: 446, Time: 00:08:49

Health: -2/66      AC: 15    Str: 34    XL:     5   Next: 64%
Magic:  5/5        EV:  9    Int:  8    God:    Trog [**....]
Gold:   0          SH:  0    Dex:  8    Spells: 4/4 levels left

rFire    + + .     SeeInvis .   E - +5 executioner's axe
rCold    x . .     Faith    .   (shield currently unavailable)
rNeg     . . .     Spirit   .   K - +5 fire dragon scales
rPois    .         Reflect  .   (helmet restricted)
rElec    .         Harm     .   (no cloak)
rCorr    .         Rampage  .   (gloves unavailable)
Will     .....     NoTele   +   (boots unavailable)
Stlth    ..........             (no amulet)
HPRegen  0.21/turn              x - +6 ring of strength
MPRegen  0.09/turn              y - +6 ring of strength

@: confused, lethally poisoned (-2 -> -9), on berserk cooldown, slowed, very
slow
A: large, unfitting armour, tough skin 1
a: Renounce Religion, Berserk, Trog's Hand


You were in the Dungeon.
You worshipped Trog.
Trog was pleased with you.
You visited 1 branch

Inventory:

Hand Weapons
 a - a +0 hand axe
 C - a +5 battleaxe
 D - a +5 broad axe
 E - a +5 executioner's axe (weapon)
 F - a +5 hunting sling
 N - a +5 triple sword
Missiles
 G - 1000 arrows
 H - 1000 bolts
 I - 1000 sling bullets
Armour
 b - a +0 animal skin
 J - a +5 crystal plate armour
 K - +5 fire dragon scales (worn)
 L - a +3 tower shield
Jewellery
 s - a ring of flight
 t - a +6 ring of dexterity
 u - a +6 ring of dexterity
 v - a +6 ring of intelligence
 w - a +6 ring of intelligence
 x - a +6 ring of strength (left hand)
 y - a +6 ring of strength (right hand)
 O - an amulet of reflection
Wands
 z - a wand of mindburst (7)
 A - a wand of iceblast (7)
 B - a wand of acid (7)
Scrolls
 h - 4 scrolls of blinking
 m - 7 scrolls of fog
 n - a scroll of holy word
 o - 5 scrolls of identify
 p - 2 scrolls of fear
 q - 4 scrolls of amnesia
Potions
 c - 10 potions of curing
 d - 10 potions of heal wounds
 e - 6 potions of haste
 f - 7 potions of magic
 g - 2 potions of berserk rage
 i - 2 potions of invisibility
 j - 4 potions of resistance
 k - a potion of experience
 l - 5 potions of might
 r - 2 potions of brilliance
Miscellaneous
 M - a lightning rod (4/4)


   Skills:
 + Level 8.6 Fighting
 + Level 7.2 Axes
 + Level 2.8 Armour
 + Level 5.8 Dodging


You had 4 spell levels left.
You didn't know any spells.
Your spell library was empty.

Dungeon Overview and Level Annotations

Branches:
Dungeon (1/1)

Altars:
Ashenzari
Cheibriados
Dithmenos
Elyvilon
Fedhas
Gozag
Hepliaklqana
Kikubaaqudgha
Makhleb
Nemelex Xobeh
Okawaru
Qazlal
Ru
Sif Muna
Trog
Uskayaw
Vehumet
Wu Jian
Xom
Yredelemnul
Zin
The Shining One
Beogh
Jiyva
Lugonu

Annotations:
D 1 transporter


Innate Abilities, Weirdness & Mutations

You are too large for most types of armour.
You have tough skin. (AC +1)


Message History

The scorpion stings you but does no damage.
You closely miss the tarantella. You closely miss the scorpion.
The tarantella bites you but does no damage.
The scorpion barely misses you. The tarantella bites you.
* * * LOW HITPOINT WARNING * * *
You are more confused.
The scorpion stings you but does no damage.
The scorpion barely misses you.
You're too confused to move!
The tarantella closely misses you.
You feel a strong urge to attack something.
You slice the tarantella!!
You kill the tarantella!
Trog accepts your kill.
You can now call upon Trog for regeneration and willpower.
You miss the scorpion. The scorpion closely misses you.
The scorpion barely misses you.
The scorpion stings you but does no damage.
Your Fighting skill gained 2 levels and is now at level 8!
Your Axes skill gained 3 levels and is now at level 7!
Your Armour skill increases to level 2!
Your Dodging skill increases to level 5!
You have reached level 4!
You have reached level 5!
You're too confused to move!
You barely miss the scorpion. x2; The scorpion stings you.
* * * LOW HITPOINT WARNING * * *
You are lethally poisoned!
The scorpion poisons you!
The scorpion stings you but does no damage. x2
You bump into the unnaturally hard rock wall.
* * * LOW HITPOINT WARNING * * *
You feel sick.
The scorpion stings you but does no damage.
You feel a strong urge to attack something.
You are no longer berserk.
You are exhausted.
You feel yourself slow down.
* * * LOW HITPOINT WARNING * * *
You feel sick. The scorpion barely misses you.
You die...

▓▓▓▓▓▓▓▓▓▓▓▓▓
▓.8©8.▓.8©8.▓
▓.)?).▓.....▓
▓.....▓...).▓
▓.....▓.....▓
▓.s...▓.....▓
▓.s...▓..©..▓
▓@.©..▓▓▓▓▓▓▓
▓▓▓▓▓▓▓


You could see 2 scorpions.

Vanquished Creatures
  A tarantella (D)
  A quasit (D)
  A white imp (D)
3 creatures vanquished.

Notes
Turn   | Place    | Note
-------+----------+-------------------------------------------
     0 | D        | klau3 the Ogre Berserker began the quest for the Orb.
     0 | D        | Reached XP level 1. HP: 24/24 MP: 1/1
     0 | D        | Found a blossoming altar of Fedhas.
     0 | D        | Found the +6 Majin-Bo {vamp, MP+6 Int+6}
     0 | D        | Found the +9 heavy crossbow "Sniper" {vorpal, Acc+∞ SInv}
     0 | D        | Found the +10 dark maul {vorpal}
     0 | D        | Found the +15 Maxwell's patent armour {-Cast -Tele rElec
                  | Will+ rCorr}
     0 | D        | Found the +18 shield of the Gong {rElec rN+ Will+ EV-5}
     0 | D        | Found the +14 obsidian axe {vorpal, Mesm Drain Fly SInv}
     0 | D        | Found the +7 great mace "Firestarter" {inner flame, rF++}
     0 | D        | Found the +6 shillelagh "Devastator" {shatter}
     0 | D        | Found the +11 plutonium sword {Contam Stlth-}
     0 | D        | Found the +8 lance "Wyrmbane" {slay drac, rPois rF+ rC+
                  | AC+3}
     0 | D        | Found the +9 sword of Zonguldrok {reap}
     0 | D        | Found the +13 scythe of Curses {drain, Drain}
     0 | D        | Found the +5 sword of Power {vorpal}
     0 | D        | Found the +7 mace of Variability {chain chaos}
     0 | D        | Found the +7 Singing Sword {vorpal, sonic wave}
     0 | D        | Found the +8 storm bow {elec, penet}
     1 | D        | Found a viscous altar of Jiyva.
     1 | D        | Found a transporter.
     1 | D        | Found a hazy altar of Hepliaklqana.
     1 | D        | Found an ancient bone altar of Kikubaaqudgha.
     1 | D        | Found an opulent altar of Gozag.
     1 | D        | Found a corrupted altar of Lugonu.
     9 | D        | Found a burning altar of Makhleb.
    13 | D        | Found a sparkling altar of Nemelex Xobeh.
    13 | D        | Found an iron altar of Okawaru.
    13 | D        | Found a stormy altar of Qazlal.
    13 | D        | Found a sacrificial altar of Ru.
    17 | D        | Found a shimmering blue altar of Sif Muna.
    20 | D        | Found a bloodstained altar of Trog.
   412 | D        | Entered arena 2.
   412 | D        | Noticed a quasit
   412 | D        | Found a transporter.
   416 | D        | Reached XP level 2. HP: 22/33 MP: 2/2
   426 | D        | Reached skill level 6 in Fighting
   426 | D        | Reached skill level 1 in Armour
   426 | D        | Reached XP level 3. HP: 11/44 MP: 3/3
   435 | D        | Entered arena 3.
   435 | D        | Noticed a scorpion
   435 | D        | Noticed a tarantella
   435 | D        | Noticed a scorpion
   435 | D        | Found a transporter.
   441 | D        | Killed a tarantella
   441 | D        | Reached ** piety under Trog
   442 | D        | Reached skill level 8 in Fighting
   442 | D        | Reached skill level 5 in Dodging
   442 | D        | Reached XP level 4. HP: 9/58 MP: 4/4
   442 | D        | Reached XP level 5. HP: 10/66 MP: 5/5
   444 | D        | HP: 3/99 [poisoned by a scorpion]
   445 | D        | HP: 1/66 [poisoned by a scorpion]
   446 | D        | Succumbed to a scorpion's poison

Illustrated notes

Levels and vault maps discovered:
D:        sprint_v [room_start, room_1, room_2, room_3, room_4, room_5, room_6,
          room_7, room_8, room_9, room_10, room_11, room_12, room_13, room_14,
          room_15, room_16, room_17, room_18, room_19, room_20, room_21,
          room_22, room_23, room_24, room_25, room_26, room_27]

Skill      XL: |  1  2  3 |
---------------+----------+-----
Dodging        | 3 4 5 |  5.8
Fighting       | 6 8 |  8.6
Axes           | 4 7 |  7.2
Armour         | 1 2 |  2.8

Action                   |  1- 3 |  4- 6 || total
-------------------------+-------+-------++-------
Melee: Executioner's axe |    14 |     1 ||    15
  Use: Potion            |     1 |       ||     1
Armor: Fire dragon scale |    44 |     3 ||    47
Dodge: Dodged            |    41 |     1 ||    42
